 Dungeon Crawl Stone Soup version 0.25.1-2-g60ff931df9 (console) character file.

Game seed: 1286792132324326269

21 Colgate the Caller (level 2, 11/11 HPs)
             Began as a Felid Summoner on Aug 21, 2020.
             Quit the game on level 2 of the Dungeon.
             The game lasted 00:11:05 (1509 turns).

Colgate the Caller (Felid Summoner)                 Turns: 1509, Time: 00:11:05

Health: 11/11      AC:  1    Str:  4    XL:     2   Next: 62%
Magic:  6/6        EV: 18    Int: 16    God:
Gold:   45         SH:  5    Dex: 16    Spells: 3/5 levels left
                                        Lives:  0   Deaths: 0

rFire    . . .     SeeInvis +   (weapon unavailable)
rCold    . . .     Gourm    .   (shield unavailable)
rNeg     . . .     Faith    .   (armour unavailable)
rPois    .         Spirit   .   (helmet unavailable)
rElec    .         Reflect  +   (cloak unavailable)
rCorr    +         Harm     .   (gloves unavailable)
MR       .....                  (boots unavailable)
Stlth    ++........             i - amulet of reflection
HPRegen  0.03/turn              j - ring of resist corrosion
MPRegen  0.10/turn              n - ring of attention (curse)

@: quick
A: very small, no armour, no weapons or thrown items, stealth, claws 1, fangs 3,
see invisible, carnivore, speed 1, shaggy fur 1, slow metabolism 1, sharp paws
a: no special abilities


You were on level 2 of the Dungeon.
You were not hungry.

You visited 1 branch of the dungeon, and saw 2 of its levels.

You collected 45 gold pieces.

Inventory:

Jewellery
 i - an amulet of reflection (around neck)
 j - a ring of resist corrosion (left paw)
 m - an uncursed ring of fire
 n - a cursed ring of attention (right paw)
Potions
 a - a potion of magic {unknown}
 d - 2 potions of mutation {unknown}
 f - 3 potions of heal wounds
Comestibles
 b - 3 rations


   Skills:
 - Level 2.6 Dodging
 - Level 2.6 Stealth
 - Level 2.0 Spellcasting
 + Level 4.8 Summonings


You had 3 spell levels left.
You knew the following spells:

 Your Spells              Type           Power        Failure   Level  Hunger
b - Call Imp              Summ           ###.....     4%          2    ###....

Your spell library contained the following spells:

 Spells                   Type           Power        Failure   Level  Hunger
 Summon Small Mammal      Summ           ###.         2%          1    #......
 Call Canine Familiar     Summ           ###.....     9%          3    ###....
 Summon Guardian Golem    Hex/Summ       #.......     24%         3    ###....
 Summon Ice Beast         Ice/Summ       #.......     61%         4    #####..
 Summon Lightning Spire   Summ/Air       #.......     61%         4    #####..


Dungeon Overview and Level Annotations

Branches:
Dungeon (2/15)

Altars:


Innate Abilities, Weirdness & Mutations

You cannot wear armour.
You are incapable of wielding weapons or throwing items.
Your paws allow you to move quietly. (Stealth)
You have sharp claws.
You have razor-sharp teeth.
You have supernaturally acute eyesight. (SInv)
You are carnivorous and can eat meat at any time.
You cover ground quickly.
You are covered in fur. (AC +1)
You have a slow metabolism.
Your sharp claws are effective at attacking unaware monsters.


Message History

As you read the scroll labeled YSTIOD JENIE, it crumbles to dust.
It is a scroll of amnesia.
Forget Summon Small Mammal, freeing 1 spell level for a total of 3?
Your memory of Summon Small Mammal unravels.
Okay, then.
As you read the scroll labeled IKOGUI ELAH, it crumbles to dust.
It is a scroll of identify.
f - 3 potions of heal wounds Your crimson imp blinks!
As you read the scroll labeled VOIMAF TOHUD, it crumbles to dust.
You assume a fearsome visage.
Your crimson imp is unaffected.
It was a scroll of fear.
As you read the scroll labeled KILUMOZAQO, it crumbles to dust.
You feel aware of your surroundings.
You sensed 1 altar.
It was a scroll of magic mapping.
Your surroundings suddenly seem different.
Are you sure you want to abandon this character and quit the game? (Confirm with "yes".)
Okay, then.
Unknown command.
Are you sure you want to abandon this character and quit the game? (Confirm with "yes".)

**** ,,,* ######### ,,,*
#.......# ****** ,,,* #.......#
**,,,** ,,,*****
#.......#####***,,,,,,
,,,,,,,****#............,,,,,,,,,
,,,*,,,,,.##............,,,,,,,,,
,,,***,,*.......@..#*****,,,,,,,,
*,***,,,,..........#****,,,,,,,,,
*,,,,,***#............,,,,**,,,**
,,,******#.#......#.....*********
,*,****,,.............##*,,,,,,,*
,,,,,,,,*######.........,,,,,,,,*
,,,***********#.....,#..,,,,,,,,,
,,,,>,,,,,.##.....##....,,,,,,,,,
,,#,*****#.#..#.#***#...***,,,,,,
#.#.* *#...##.####....,,,,,,,,,
#.#.#* *...............,,,,,**,,


There were no monsters in sight!

Vanquished Creatures
  2 dart slugs (D:1)
  A leopard gecko (D:1)
  2 goblins (D:1)
  A hobgoblin (D:2)
  2 jackals (D:1)
  A frilled lizard (D:1)
  2 rats (D:1)
11 creatures vanquished.

Vanquished Creatures (collateral kills)
  A giant cockroach (D:1)
  2 goblins (D:1)
  A hobgoblin (D:1)
  A jackal (D:1)
  A kobold (D:1)
  A rat (D:2)
7 creatures vanquished.

Grand Total: 18 creatures vanquished

Notes
Turn   | Place    | Note
-------+----------+-------------------------------------------
     0 | D:1      | Colgate the Felid Summoner began the quest for the Orb.
     0 | D:1      | Reached XP level 1. HP: 7/7 MP: 4/4
   482 | D:1      | Reached XP level 2. HP: 11/11 MP: 6/6
   493 | D:1      | Learned a level 2 spell: Call Imp
  1509 | D:2      | Quit the game

Illustrated notes

Levels and vault maps discovered:
D:1:      minmay_arrival_diagonal_passages, layout_basic
D:2:      layout_rooms, first_ration, cheibriados_altar_1, uniq_robin

Action                   || total
-------------------------++-------
Melee: Unarmed           ||    41
       Bite              ||     2
 Cast: Summon Small Mamm ||     8
       Call Imp          ||     4
  Use: Scroll            ||     6
 Stab: Sleeping          ||     7
  Eat: Chunk             ||     2
Armor: Skin              ||     1
Dodge: Dodged            ||    21
Block: Other             ||     5
